 Dungeon Crawl Stone Soup version 0.17-a0-1210-g1e4f09d (webtiles) character file.

7 SWAGNEMITE the Gusty (level 1, 0/14 HPs)
             Began as a Demonspawn Wanderer on June 3, 2015.
             Slain by a goblin
             ... wielding a +0 club
              (6 damage)
             ... on level 1 of the Dungeon.
             The game lasted 00:01:34 (170 turns).

SWAGNEMITE the Gusty (Demonspawn Wanderer)           Turns: 170, Time: 00:01:34

Health: 0/14       AC:  2    Str: 13    XL:     1   Next: 91%
Magic:  0/4        EV: 11    Int: 14    God:
Gold:   21         SH:  0    Dex: 10    Spells: 1 memorised, 5 levels left

rFire  . . .     SeeInvis .     d - +0 club
rCold  . . .     Clarity  .     c - +0 robe
rNeg   . . .     SustAt   .     (no shield)
rPois  .         Gourm    .     (no helmet)
rElec  .         Spirit   .     (no cloak)
rCorr  .         Warding  .     (no gloves)
rMut   .         Stasis   .     (no boots)
MR     .....                    (no amulet)
Stlth  +.........               (no ring)
                                (no ring)

@: not resistant to hostile enchantments, very unstealthy
A: no striking features
a: no special abilities


You were on level 1 of the Dungeon.
You were not hungry.

You visited 1 branch of the dungeon, and saw 1 of its levels.

You collected 21 gold pieces.

Inventory:

Hand weapons
 d - a +0 club (weapon)
Armour
 c - a +0 robe (worn)
Scrolls
 f - a scroll of identify {unknown}
Potions
 g - a potion of cure mutation {unknown}
Books
 a - a book of Air
 b - the Compendium of Gliding Arcane Weapons

   Spells                             Type                      Level
   a - Shock                          Conjuration/Air              1
   b - Static Discharge               Conjuration/Air              3
Comestibles
 e - a bread ration {@e1}


   Skills:
 * Level 0.8 Fighting
 * Level 0.3 Dodging
 - Level 3.0 Spellcasting
 + Level 0.2 Conjurations
   Level 1.0 Summonings
 * Level 3.7 Air Magic
   Level 2.0 Evocations


You had 5 spell levels left.
You knew the following spells:

 Your Spells              Type           Power        Failure   Level  Hunger
a - Shock                 Conj/Air       #...         12%         1    #......


Dungeon Overview and Level Annotations

Branches:
Dungeon (1/15)

Altars:


Message History

Aim: a goblin, wielding a dagger The zap hits the goblin.
You kill the goblin!
You now have 2/4 mp.
Aim: a rat The zap hits the rat.
You now have 1/4 mp.
Aim: a rat (severely wounded)
The zap hits the rat.
You kill the rat!
You now have 0/4 mp.
You start resting.
A goblin comes into view. It is wielding a club.
A giant cockroach comes into view.
A giant cockroach is nearby!
You barely miss the giant cockroach. The giant cockroach misses you.
You closely miss the giant cockroach. The giant cockroach bites you.
The giant cockroach bites you.
You take 2 damage, and have 11/13 hp.
You hit the giant cockroach but do no damage.
The giant cockroach bites you.
You take 1 damage, and have 10/13 hp.
You barely miss the giant cockroach.
The giant cockroach bites you but does no damage.
The giant cockroach closely misses you.
You closely miss the giant cockroach.
The giant cockroach bites you but does no damage.
The giant cockroach barely misses you.
You closely miss the giant cockroach.
The giant cockroach completely misses you.
You closely miss the giant cockroach. The giant cockroach barely misses you.
The giant cockroach bites you but does no damage.
You hit the giant cockroach but do no damage.
The giant cockroach closely misses you.
You barely miss the giant cockroach. The giant cockroach barely misses you.
The giant cockroach completely misses you.
You closely miss the giant cockroach. The giant cockroach barely misses you.
Aim: a giant cockroach (clinging)
The zap hits the giant cockroach. x2
You kill the giant cockroach!
You now have 1/4 mp.
You start resting.
A bat comes into view.
The bat completely misses you.
You see here a giant cockroach corpse.
You closely miss the bat. The bat closely misses you.
The bat completely misses you.
A rat comes into view.
The bat closely misses you.
You miss the bat. The bat hits you but does no damage.
You barely miss the bat. The bat barely misses you.
You hit the rat.
You kill the rat!
The bat hits you.
You take 1 damage, and have 10/14 hp.
Unknown command.
The bat hits you. The bat completely misses you.
You take 1 damage, and have 9/14 hp.
You closely miss the bat. The bat hits you.
You take 1 damage, and have 8/14 hp.
You miss the bat. The bat hits you but does no damage.
A hobgoblin comes into view. It is wielding a club.
Aim: a hobgoblin, wielding a club The zap hits the hobgoblin.
The hobgoblin appears unharmed.
You now have 2/4 mp.
Aim: a hobgoblin, wielding a club The zap hits the hobgoblin.
The hobgoblin barely misses you.
You now have 1/4 mp.
Aim: a hobgoblin, wielding a club (heavily wounded)
You miscast Shock.
You are very lightly contaminated with residual magic.
Nothing appears to happen.
The hobgoblin hits you with a club.
You take 2 damage, and have 6/14 hp.
You now have 0/4 mp.
You hit the hobgoblin but do no damage. The hobgoblin barely misses you.
You hit the hobgoblin.
You kill the hobgoblin!
The bat hits you.
You take 1 damage, and have 5/14 hp.
Aim: a bat The zap hits the bat.
The bat barely misses you.
You now have 0/4 mp.
The bat hits you but does no damage. The bat hits you but does no damage.
The bat closely misses you.
You see here a giant cockroach corpse.
You hit the bat.
You kill the bat!
You see here a bat corpse.
You start resting.
Your magical contamination has completely faded away.
You start resting.
Aim: a goblin, wielding a club and wearing a moonstone ring (hasn't noticed you)
The zap hits the goblin.
The goblin shouts!
You now have 1/4 mp.
You see here a giant cockroach corpse.
Aim: a goblin, wielding a club and wearing a moonstone ring (severely wounded)
The zap hits the goblin.
You now have 0/4 mp.
You barely miss the goblin. The goblin hits you with a club.
You die...

...#### ..#.. .).. #†. #
#.# ###### ####.
####.###....###
#.....##...##........##
......)..g##..........##
..$....†#@#............#
........#.#............##
...(....#......####.....#
........#....### ###...#
........###### ##..#
......... #<.### ###...#
........# #....####.....#
#...........(##
#...........^#


You could see a goblin.

Vanquished Creatures
  A bat (D:1)
  2 giant cockroaches (D:1)
  A hobgoblin (D:1)
  A goblin (D:1)
  2 rats (D:1)
7 creatures vanquished.

Notes
Turn   | Place    | Note
--------------------------------------------------------------
     0 | D:1      | SWAGNEMITE the Demonspawn Wanderer began the quest for the Orb.
     0 | D:1      | SWAGNEMITE set off with: a book of Air, the Compendium of Gliding Arcane Weapons, a +0 robe, a +0 club, a bread ration {@e1}
     0 | D:1      | Reached XP level 1. HP: 13/13 MP: 4/4
     0 | D:1      | Identified the Compendium of Gliding Arcane Weapons
     2 | D:1      | Learned a level 1 spell: Shock
   170 | D:1      | Slain by a goblin

Vault maps used:
D:1:      minmay_arrival_loop

Action                   || total
-------------------------++-------
Melee: Club              ||    27
 Cast: Shock             ||    12
 Stab: Sleeping          ||     1

Vault maps used:
D:1:      minmay_arrival_loop

Table legend:
 A = Turns spent in this place as a percentage of turns spent in the entire game.
 B = Non-inter-level travel turns spent in this place as a percentage of non-inter-level travel turns spent in the entire game.
 C = Inter-level travel turns spent in this place as a percentage of turns spent in this place.
 D = Turns resting spent in this place as a percentage of non-inter-level travel turns spent in this place.
 E = Turns spent auto-exploring this place as a percentage of non-inter-level travel turns spent in this place.
 F = Non-inter-level travel turns spent in this place divided by the number of levels of this place that you've seen.
                   A       B       C       D       E      F
               +-------+-------+-------+-------+-------+----------------------
         Total | 100.0 | 100.0 |   0.0 |  11.1 |   6.2 |  81.0
       Dungeon | 100.0 | 100.0 |   0.0 |  11.1 |   6.2 |  81.0
               +-------+-------+-------+-------+-------+----------------------

Table legend:
 A = Kills in this place as a percentage of kills in entire the game.
 B = Kills by you in this place as a percentage of kills by you in the entire game.
 C = Kills by friends in this place as a percentage of kills by friends in the entire game.
 D = Other kills in this place as a percentage of other kills in the entire game.
 E = Experience gained in this place as a percentage of experience gained in the entire game.
 F = Experience gained in this place divided by the number of levels of this place that you have seen.
                   A       B       C       D       E      F
               +-------+-------+-------+-------+-------+----------------------
         Total | 100.0 | 100.0 |  -nan |  -nan | 100.0 |  11.0
       Dungeon | 100.0 | 100.0 |  -nan |  -nan | 100.0 |  11.0
               +-------+-------+-------+-------+-------+----------------------
